 Dungeon Crawl Stone Soup version 0.31-a0-1405-g2bb1a01664 (webtiles) character file.

Game seed: 15230829629791984192

1619 jlumianski the Ruffian (level 8, 0/61 HPs)
             Began as a Gnoll Shapeshifter on Dec 26, 2023.
             Was a Follower of Wu Jian.
             Slain by a lava snake (4 damage)
             ... on level 7 of the Dungeon.
             The game lasted 00:23:19 (4483 turns).

jlumianski the Ruffian (Gnoll Shapeshifter)         Turns: 4483, Time: 00:23:21

Health: 0/61       AC: 13    Str: 16    XL:     8   Next: 96%
Magic:  13/13      EV:  9    Int:  9    God:    Wu Jian [*.....]
Gold:   277        SH:  0    Dex: 12    Spells: 14/14 levels left

rFire   + .          .
                       - Unarmed
rCold   . . .        (no shield)
rNeg    . . .        N - +0 chain mail
rPois   .            (helmet currently unavailable)
rElec   .            (cloak currently unavailable)
rCorr   .            (gloves currently unavailable)
SInv    .            (boots currently unavailable)
Will    .....        (no amulet) Stlth
                     l - +4 ring of protection
HPRegen 0.30/turn    B - ring of protection from fire
MPRegen 0.13/turn

%: no passive effects
@: beast-form
A: beast (slay +4), fangs 1, strong nose, distributed training
a: Begin Untransformation, Renounce Religion


You were on level 7 of the Dungeon.
You worshipped Wu Jian.
Wu Jian was aware of your devotion.
You were a hulking beast.
You visited 2 branches of the dungeon, and saw 8 of its levels.

You collected 277 gold pieces.

Inventory:

Hand Weapons
 r - a +2 sling of freezing
 v - a +0 dagger of venom
Missiles
 e - 9 curare-tipped darts
 s - 4 atropa-tipped darts (quivered)
 x - a throwing net
 M - 5 javelins
Armour
 a - a +0 animal skin
 k - a +0 leather armour
 o - a +0 helmet
 t - a +0 kite shield
 z - a +1 helmet
 C - a +0 pair of boots
 E - a +2 buckler
 F - a +0 scale mail
 K - a +1 tower shield of positive energy
 N - a +0 chain mail (worn)
Jewellery
 l - a +4 ring of protection (left hand)
 B - a ring of protection from fire (right hand)
 I - a ring of see invisible
 L - a +6 ring of dexterity
Talismans
 c - a beast talisman
 d - a flux talisman
 G - a serpent talisman
Wands
 y - a wand of roots (21)
Scrolls
 f - a scroll of fog
 g - 2 scrolls of silence
 j - a scroll of noise
 n - 2 scrolls of butterflies
 p - a scroll of enchant armour {unknown}
 q - a scroll of teleportation {unknown}
 u - a scroll of acquirement {unknown}
 A - a scroll of torment {unknown}
 D - 2 scrolls of blinking {unknown}
Potions
 b - 3 potions of lignification
 h - 2 potions of heal wounds
 i - 3 potions of attraction
 m - 3 potions of curing
 w - a potion of invisibility
 H - a potion of haste
 J - a potion of mutation


   Skills:
 + Level 4.7 Fighting
 + Level 3.8 Short Blades
 + Level 3.8 Long Blades
 + Level 3.8 Axes
 + Level 3.8 Maces & Flails
 + Level 3.8 Polearms
 + Level 3.8 Staves
 + Level 3.8 Ranged Weapons
 + Level 3.8 Throwing
 + Level 3.8 Armour
 + Level 6.0 Dodging
 + Level 3.8 Stealth
 + Level 3.8 Shields
 + Level 7.7 Unarmed Combat
 + Level 3.8 Spellcasting
 + Level 3.1 Conjurations
 + Level 3.1 Hexes
 + Level 3.1 Summonings
 + Level 3.1 Necromancy
 + Level 3.1 Translocations
 + Level 3.1 Fire Magic
 + Level 3.1 Ice Magic
 + Level 3.1 Air Magic
 + Level 3.1 Earth Magic
 + Level 3.1 Alchemy
 + Level 4.2 Invocations
 + Level 3.8 Evocations
 + Level 7.5 Shapeshifting


You had 14 spell levels left.
You didn't know any spells.
Your spell library contained the following spells:

 Spells                   Type           Power      Damage    Failure   Level
 Apportation              Tloc           14%        N/A       65%         1
 Jinxbite                 Hex            14%        N/A       78%         2
 Alistair's Intoxication  Alch           4%         N/A       100%        5


Dungeon Overview and Level Annotations

Branches:
Dungeon (7/15)             Temple (1/1) D:4

Altars:
Ashenzari
Cheibriados
Dithmenos
Elyvilon
Fedhas
Gozag
Kikubaaqudgha
Makhleb
Nemelex Xobeh
Okawaru
Qazlal
Ru
Sif Muna
Uskayaw
Vehumet
Wu Jian
Xom
Yredelemnul
Zin

Annotations:
D:5 1 runed translucent door


Innate Abilities, Weirdness & Mutations

You are a hulking beast.
Your limbs bulge with bestial killing power. (Slay +4)
You have very sharp teeth.
Your uncanny sense of smell can sniff out nearby items.
Your experience applies equally to all skills.


Message History

The jelly closely misses you.
You see here a black bear corpse.
You punch the jelly!
Your hands burn!
You bite the jelly.
The jelly is almost dead.
The jelly hits you but does no damage.
You punch the jelly!
You kill the jelly!
The Council accepts your kill.
You see here an atropa-tipped dart.
The lava snake spits lava at you. The glob of lava hits you!
You partially resist.
You see here an atropa-tipped dart.
The lava snake spits lava at you. The glob of lava hits you!
You partially resist. The lava snake spits lava at you.
The glob of lava hits you. You partially resist.
* * * LOW HITPOINT WARNING * * *
You punch the lava snake!
The lava snake is heavily wounded.
The lava snake barely misses you.
You hit the lava snake. Your bite misses the lava snake.
The lava snake is severely wounded.
The lava snake closely misses you.
You closely miss the lava snake.
The lava snake is severely wounded.
You closely miss the lava snake.
The lava snake is severely wounded.
The lava snake spits lava at you. The glob of lava hits you!
You partially resist.
* * * LOW HITPOINT WARNING * * *
You closely miss the lava snake.
The lava snake is severely wounded.
The lava snake bites you.
* * * LOW HITPOINT WARNING * * *
You are engulfed in flames.
You resist.
* * * LOW HITPOINT WARNING * * *
You miss the lava snake.
The lava snake is severely wounded.
The lava snake bites you.
You die...

'###..###..##...## #####..
..#...#.....#....#........
......#>....#....#........
≈≈....#..........#......
.≈≈≈..........§..#.....
§§.§≈≈≈≈..._..)..##..#
≈§.....≈≈≈...§§§..#..#######
§≈§§.....≈≈≈≈§≈........†...#
§≈§≈§§≈...≈§≈.§.h.(..(.....#
.§§≈≈≈≈§≈......S.##..#######
....§§.≈≈≈§§.≈≈≈.#####
#.#......§§≈§≈.)...
...#..§§....... ..........
..##..##.. ## #.# ..#


You could see a lava snake (catching breath).

Vanquished Creatures
  A black bear (D:7)
  2 ogres
  A centaur (D:7)
  2 phantoms
  10 scorpions
  2 bombardier beetles
  2 jellies
  An orc priest (D:6)
  3 hounds (D:5)
  2 iguanas
  An orc wizard (D:6)
  Robin (D:2)
  7 gnolls
  3 adders
  A worm (D:3)
  5 dart slugs
  7 orcs
  3 ball pythons (D:2)
  4 endoplasms
  10 giant cockroaches
  14 goblins
  12 hobgoblins
  7 jackals (D:3)
  2 quokkas
  5 bats
  6 frilled lizards
  5 kobolds
  7 rats
126 creatures vanquished.

Notes
Turn   | Place    | Note
-------+----------+-------------------------------------------
     0 | D:1      | jlumianski the Gnoll Shapeshifter began the quest for the
                  | Orb.
     0 | D:1      | Reached XP level 1. HP: 17/17 MP: 1/1
    81 | D:1      | Reached XP level 2. HP: 22/23 MP: 2/2
   375 | D:1      | Reached XP level 3. HP: 28/28 MP: 3/3
   620 | D:2      | Reached skill level 1 in Invocations
   733 | D:3      | Reached skill level 1 in Short Blades
   733 | D:3      | Reached skill level 1 in Long Blades
   733 | D:3      | Reached skill level 1 in Axes
   733 | D:3      | Reached skill level 1 in Maces & Flails
   733 | D:3      | Reached skill level 1 in Polearms
   733 | D:3      | Reached skill level 1 in Staves
   733 | D:3      | Reached skill level 1 in Ranged Weapons
   733 | D:3      | Reached skill level 1 in Throwing
   733 | D:3      | Reached skill level 1 in Armour
   733 | D:3      | Reached skill level 1 in Stealth
   733 | D:3      | Reached skill level 1 in Shields
   733 | D:3      | Reached skill level 1 in Spellcasting
   733 | D:3      | Reached skill level 1 in Evocations
   844 | D:2      | Noticed Robin
   848 | D:3      | Reached XP level 4. HP: 23/34 MP: 5/5
   912 | D:2      | Killed Robin
   971 | D:3      | Reached skill level 1 in Conjurations
   971 | D:3      | Reached skill level 1 in Hexes
   971 | D:3      | Reached skill level 1 in Summonings
   971 | D:3      | Reached skill level 1 in Necromancy
   971 | D:3      | Reached skill level 1 in Translocations
   971 | D:3      | Reached skill level 1 in Fire Magic
   971 | D:3      | Reached skill level 1 in Ice Magic
   971 | D:3      | Reached skill level 1 in Air Magic
   971 | D:3      | Reached skill level 1 in Earth Magic
   971 | D:3      | Reached skill level 1 in Alchemy
  1218 | D:2      | Reached XP level 5. HP: 40/40 MP: 7/7
  1627 | D:4      | Found a staircase to the Ecumenical Temple.
  1654 | Temple   | Entered the Ecumenical Temple
  1699 | Temple   | Became a worshipper of the Wu Jian Council
  1900 | D:4      | Reached XP level 6. HP: 43/47 MP: 8/8
  2032 | D:3      | Reached skill level 5 in Dodging
  2470 | D:5      | Entered Level 5 of the Dungeon
  2515 | D:5      | Reached XP level 7. HP: 48/52 MP: 10/10
  3575 | D:5      | Reached XP level 8. HP: 60/60 MP: 12/12
  3606 | D:5      | Found a runed translucent door.
  3607 | D:5      | Found a runed translucent door.
  3685 | D:5      | Found a glowing silver altar of Zin.
  3685 | D:5      | Noticed an angel
  3763 | D:5      | Reached * piety under Wu Jian
  4280 | D:6      | Found an iron altar of Okawaru.
  4411 | D:7      | Found a broken altar of Ashenzari.
  4413 | D:7      | Found an ancient bone altar of Kikubaaqudgha.
  4483 | D:7      | Slain by a lava snake

Illustrated notes

Levels and vault maps discovered:
D:1:      dpeg_arrival_renting, layout_rooms
D:2:      layout_rooms, minmay_3d_cube, uniq_robin
D:3:      layout_basic, minivault_14
D:4:      layout_basic, temple_pool_b
D:5:      lemuel_insect_pit, layout_cave_pools, zin_angel
D:6:      layout_gridville, okawaru_metal_pillars_1_2, kennysheep_flooded_box,
          minivault_5, minmay_between
D:7:      layout_gridville, trog_three_pillars_becter,
          mainiacjoe_overflow_catch_the_wave, enter_bailey_4,
          lightli_orcish_oven
Temple:   nicolae_temple_bog_church

Skill      XL: |  1  2  3  4  5  6  7  8 |
---------------+-------------------------+-----
Invocations    | 1 2 3 4 |  4.2
Short Blades   | 1 2 3 |  3.8
Long Blades    | 1 2 3 |  3.8
Axes           | 1 2 3 |  3.8
Maces & Flails | 1 2 3 |  3.8
Polearms       | 1 2 3 |  3.8
Staves         | 1 2 3 |  3.8
Ranged Weapons | 1 2 3 |  3.8
Throwing       | 1 2 3 |  3.8
Armour         | 1 2 3 |  3.8
Stealth        | 1 2 3 |  3.8
Shields        | 1 2 3 |  3.8
Spellcasting   | 1 2 3 |  3.8
Evocations     | 1 2 3 |  3.8
Conjurations   | 1 2 3 |  3.1
Hexes          | 1 2 3 |  3.1
Summonings     | 1 2 3 |  3.1
Necromancy     | 1 2 3 |  3.1
Translocations | 1 2 3 |  3.1
Fire Magic     | 1 2 3 |  3.1
Ice Magic      | 1 2 3 |  3.1
Air Magic      | 1 2 3 |  3.1
Earth Magic    | 1 2 3 |  3.1
Alchemy        | 1 2 3 |  3.1
Fighting       | 3 4 |  4.7
Dodging        | 5 6 |  6.0
Unarmed Combat | 7 |  7.7
Shapeshifting  | 7 |  7.5

Action                     |  1- 3 |  4- 6 |  7- 9 || total
---------------------------+-------+-------+-------++-------
  Melee: Unarmed           |    86 |   135 |   139 ||   360
         Punch             |     3 |     3 |     8 ||    14
         Bite              |     4 |     8 |    19 ||    31
  Throw: Dart              |       |     3 |     3 ||     6
Ability: Lunge             |       |    11 |    14 ||    25
         Whirlwind         |       |       |     3 ||     3
    Use: Scroll            |       |     7 |     3 ||    10
   Stab: Invisible         |       |     3 |       ||     3
         Distracted        |       |       |     1 ||     1
 Armour: Animal skin       |    14 |       |       ||    14
         Leather armour    |    39 |    77 |    55 ||   171
         Chain mail        |       |       |    19 ||    19
  Dodge: Dodged            |    53 |    99 |    65 ||   217

Table legend: (Time is in decaauts)
 A = Elapsed time spent in this place.
 B = Non-inter-level travel time spent in this place.
 C = Inter-level travel time spent in this place.
 D = Time resting spent in this place.
 E = Time spent auto-exploring this place.
 F = Levels seen in this place.
 G = Mean time per level.
                   A        B        C        D        E       F      G
               +--------+--------+--------+--------+--------+-----+--------+
         Total |   4471 |   4305 |    166 |    424 |   1766 |   8 |  558.9 |
       Dungeon |   4237 |   4071 |    166 |    301 |   1766 |   7 |  605.3 |
        Temple |    233 |    233 |      0 |    123 |      0 |   1 |  233.0 |
               +--------+--------+--------+--------+--------+-----+--------+

Top non-repeatable levels by time:
     D:3: 975 daAuts
     D:5: 856 daAuts
     D:4: 812 daAuts
     D:1: 568 daAuts
     D:2: 509 daAuts
     D:6: 419 daAuts
  Temple: 233 daAuts
     D:7: 96 daAuts
